 Dungeon Sprint DCSS version 0.27.1-33-g824d729ab1 (webtiles) character file.

Game seed: 13107449400353284539

283 Adenis the Unseen (level 6, -7/48 HPs)
             Began as a Vampire Brigand on Dec 3, 2021.
             Mangled by a yak (17 damage)
             ... in the Dungeon (Sprint I: "Red Sonja").
             The game lasted 00:01:27 (70 turns).

Adenis the Unseen (Vampire Brigand)                   Turns: 70, Time: 00:01:30

Health: -7/48      AC: -1    Str: 10    XL:     6   Next: 7%
Magic:  6/6        EV: 12    Int: 13    God:
Gold:   170        SH:  0    Dex: 18    Spells: 5/5 levels left

rFire    . . .     SeeInvis +   m - +1 scythe (vamp)
rCold    . . .     Faith    .   (shield currently unavailable)
rNeg     . . .     Spirit   .   b - +0 robe
rPois    .         Reflect  .   (no helmet)
rElec    .         Harm     .   c - +0 cloak
rCorr    .         Rampage  .   (no gloves)
Will     .....     NoTele   +   (no boots)
Stlth    ++++++....             (no amulet)
HPRegen  0.36/turn              (no ring)
MPRegen  0.10/turn              (no ring)

@: corroded, healing quickly
A: alive, fangs 3, see invisible, vampiric 2
a: Exsanguinate


You were in the Dungeon.
You visited 1 branch You collected 170 gold pieces.

Inventory:

Hand Weapons
 a - a +2 dagger
 m - a +1 vampiric scythe (weapon)
Missiles
 d - 8 poisoned darts (quivered)
 e - 2 curare-tipped darts
Armour
 b - a +0 robe (worn)
 c - a +0 cloak (worn)
Wands
 l - a wand of flame (24)
Scrolls
 k - a scroll of blinking
Potions
 f - 2 potions of curing
 g - a potion of heal wounds
 h - a potion of haste
 i - 2 potions of magic
 j - a potion of berserk rage


   Skills:
 + Level 3.8 Fighting
 + Level 4.3 Short Blades
 + Level 0.2 Polearms
 + Level 3.6 Throwing
 + Level 1.6 Dodging
 + Level 16.3 Stealth


You had 5 spell levels left.
You didn't know any spells.
Your spell library was empty.

Dungeon Overview and Level Annotations

Branches:
Dungeon (1/1)

Altars:
Cheibriados
Dithmenos
Elyvilon
Fedhas
Gozag
Hepliaklqana
Kikubaaqudgha
Okawaru
Qazlal
Ru
Sif Muna
Trog
Uskayaw
Vehumet
Wu Jian
Yredelemnul
Zin
The Shining One

Shops:
D !


Innate Abilities, Weirdness & Mutations

Your natural rate of healing is accelerated.
You have razor-sharp teeth.
You have supernaturally acute eyesight. (SInv)
You are afflicted with vampirism and can become a bat while bloodless.


Message History

You now have 108 gold pieces (gained 27).
You now have 135 gold pieces (gained 27).
You now have 162 gold pieces (gained 27).
You open the door.
Found a plate armour and 8 gold pieces.
Found two altars.
A jelly comes into view.
There is an open door here.
Found a radiant altar of Vehumet.
You see here a +0 plate armour.
You see here 8 gold pieces.
The jelly quivers.
There is an ornate altar of the Wu Jian Council here.
You hit the jelly. The acid corrodes you!
Your hands burn!
The jelly is moderately wounded.
The jelly hits you.
You are splashed with acid!
The jelly closely misses you.
You slash the jelly!
You feel better.
Your hands burn!
The jelly is severely wounded.
The jelly hits you.
You are splashed with acid.
The jelly hits you. The acid corrodes you!
You are splashed with acid.
You hit the jelly.
You feel better.
You kill the jelly!
Your Stealth skill increases to level 16!
You have reached level 6!
Your experience leads to an increase in your attributes!
Increase (S)trength, (I)ntelligence, or (D)exterity?
You feel agile.
You now have 170 gold pieces (gained 8).
There is an ornate altar of the Wu Jian Council here.
You open the door.
A yak comes into view.
Found Engej's Distillery.
Found fourteen altars.
Found an opulent altar of Gozag.
There is an open door here.
The helpless yak fails to defend itself.
You hit the yak.
The yak is lightly wounded.
The yak gores you!
* * * LOW HITPOINT WARNING * * *
The yak gores you!
You die...

################
#<.#.)'..#.['..#
#..'..#.)'..#..+
#..#####'#####'#
#..# #..# #[#
#..#__#### ##.#
#..#_____##+#_.+
#⌠⌠#_.∩..Y@..._#
####_..__##_.#+#
#____ ##+# ####


You could see a yak.

Vanquished Creatures
  Sigmund (D)
  An ogre (D)
  A jelly (D)
  Ijyb (D)
4 creatures vanquished.

Notes
Turn   | Place    | Note
-------+----------+-------------------------------------------
     0 | D        | Adenis the Vampire Brigand began the quest for the Orb.
     0 | D        | Reached XP level 1. HP: 16/16 MP: 1/1
     2 | D        | Noticed Ijyb
     6 | D        | Killed Ijyb
     7 | D        | Reached skill level 9 in Stealth
     7 | D        | Reached XP level 2. HP: 23/23 MP: 2/2
     9 | D        | Noticed an ogre
    13 | D        | Killed an ogre
    14 | D        | Reached skill level 12 in Stealth
    14 | D        | Gained mutation: You are afflicted with vampirism and can
                  | become a bat while bloodless. [Vampire growth]
    14 | D        | Reached XP level 3. HP: 28/28 MP: 3/3
    14 | D        | Reached XP level 4. HP: 34/34 MP: 4/4
    15 | D        | Noticed Sigmund
    19 | D        | Killed Sigmund
    20 | D        | Reached skill level 15 in Stealth
    20 | D        | Reached XP level 5. HP: 42/42 MP: 5/5
    51 | D        | Found an ornate altar of the Wu Jian Council.
    51 | D        | Found a shimmering blue altar of Sif Muna.
    53 | D        | Found a radiant altar of Vehumet.
    60 | D        | Reached skill level 16 in Stealth
    60 | D        | Reached XP level 6. HP: 21/48 MP: 6/6
    68 | D        | Found Engej's Distillery.
    68 | D        | Found an ancient bone altar of Kikubaaqudgha.
    68 | D        | Found a hazy altar of Hepliaklqana.
    68 | D        | Found a stormy altar of Qazlal.
    68 | D        | Found a hide-covered altar of Uskayaw.
    68 | D        | Found a blossoming altar of Fedhas.
    68 | D        | Found a bloodstained altar of Trog.
    68 | D        | Found an iron altar of Okawaru.
    68 | D        | Found a basalt altar of Yredelemnul.
    68 | D        | Found a snail-covered altar of Cheibriados.
    68 | D        | Found a sacrificial altar of Ru.
    68 | D        | Found a shadowy altar of Dithmenos.
    68 | D        | Noticed a yak
    69 | D        | Found an opulent altar of Gozag.
    70 | D        | Mangled by a yak

Illustrated notes

Levels and vault maps discovered:
D:        dungeon_sprint_1 [red_sonja_temple_1, red_sonja_temple_small_1]

Skill      XL: |  1  2  3  4  5 |
---------------+----------------+-----
Fighting       | 2 3 |  3.8
Throwing       | 2 3 |  3.6
Stealth        | 9 12 15 16 | 16.3
Short Blades   | 3 4 |  4.3
Polearms       | |  0.2
Dodging        | |  1.6

Action                   |  1- 3 |  4- 6 || total
-------------------------+-------+-------++-------
Melee: Dagger            |     2 |     1 ||     3
       Scythe            |       |     4 ||     4
 Stab: Sleeping          |     2 |     2 ||     4
Dodge: Dodged            |       |     1 ||     1
